 Dungeon Crawl Stone Soup version 0.16.1-30-g34a7ffa (webtiles) character file.

5149 tyrion the Slicer (level 10, -2/71 HPs)
             Began as a Halfling Hunter on June 25, 2015.
             Was a Believer of Okawaru.
             Slain by a water moccasin zombie (6 damage)
             ... on level 9 of the Dungeon.
             The game lasted 00:41:22 (14873 turns).

tyrion the Slicer (Halfling Hunter)                Turns: 14873, Time: 00:41:23

Health: -2/71      AC:  5    Str: 14    XL:     10   Next: 89%
Magic:  10/10      EV: 22    Int: 19    God:    Okawaru [**....]
Gold:   446        SH:  0    Dex: 16    Spells: 0 memorised, 9 levels left

rFire  . . .     SeeInvis .     b - +2 hunting sling
rCold  . . .     Clarity  .     d - +0 leather armour
rNeg   . . .     SustAb   .     (no shield)
rPois  .         Gourm    .     w - +0 helmet
rElec  .         Spirit   .     (no cloak)
rCorr  .         Warding  .     z - +0 pair of gloves
rMut   .         Stasis   .     (no boots)
MR     .....                    I - amulet of rage
Stlth  ++........               D - +2 ring of strength
                                t - +6 ring of intelligence

@: drained, not resistant to hostile enchantments, unstealthy
A: mutation resistance 1
a: Heroism, Renounce Religion, Evoke Berserk Rage


You were on level 9 of the Dungeon.
You worshipped Okawaru.
Okawaru was pleased with you.
You were very hungry.

You visited 2 branches of the dungeon, and saw 10 of its levels.

You collected 446 gold pieces.

Inventory:

Hand weapons
 b - a +2 hunting sling (weapon)
 G - a +3 long sword
Missiles
 h - 176 stones (quivered)
Armour
 d - a +0 leather armour (worn)
 w - a +0 helmet (worn)
 z - a +0 pair of gloves (worn)
Jewellery
 e - an uncursed ring of sustain abilities
 l - an uncursed ring of protection from magic
 t - a +6 ring of intelligence (left hand)
 D - a +2 ring of strength (right hand)
 I - an amulet of rage (around neck)
Magical devices
 i - a wand of random effects (33)
 p - a wand of frost (38)
 q - a wand of magic darts (13)
 F - a wand of paralysis (14)
Scrolls
 a - 4 scrolls of identify
 m - a scroll of summoning {unknown}
 u - 4 scrolls of remove curse
 v - a scroll of enchant weapon
 C - a scroll of recharging
 E - a scroll of blinking {unknown}
Potions
 k - a potion of berserk rage {unknown}
 n - a potion of curing
 o - a potion of brilliance
 r - 2 potions of restore abilities
 x - 3 potions of flight
Books
 y - a book of Control

   Spells                             Type                      Level
   a - Control Teleport               Charms/Translocation         4
   b - Control Undead                 Necromancy                   4
   c - Enslavement                    Hexes                        4
   d - Metabolic Englaciation         Hexes/Ice                    5
   e - Mass Confusion                 Hexes                        6
Comestibles
 f - 2 bread rations
 g - 3 fruits
 j - 6 meat rations
 s - a beef jerky
 B - a royal jelly


   Skills:
 + Level 7.2(7.0) Fighting
   Level 13.2(13.0) Short Blades
 * Level 0.8(6.5) Long Blades
 - Level 7.9(7.7) Slings
 * Level 11.8(11.6) Dodging
 - Level 1.1(0.9) Stealth


You had 9 spell levels left.
You didn't know any spells.

Dungeon Overview and Level Annotations

Branches:
Dungeon (9/15)             Temple (1/1) D:5
   Lair: D:8-11         Orc: D:9-12

Altars:
Ashenzari
Cheibriados
Dithmenos
Elyvilon
Fedhas
Gozag
Kikubaaqudgha
Makhleb
Nemelex Xobeh
Okawaru
Qazlal
Ru
Sif Muna
Trog
Vehumet
Xom
Yredelemnul
Zin
The Shining One


Innate Abilities, Weirdness & Mutations

You are small and have problems with some larger weapons.
You are somewhat resistant to further mutation.


Message History

* * * LOW HITPOINT WARNING * * *
The orc warrior barely misses you.
The water moccasin zombie closely misses you.
A kobold comes into view.
Your leather armour prevents you from hitting something.
Something hits you but does no damage. The water moccasin zombie misses you.
The orc warrior completely misses you.
The water moccasin zombie barely misses you.
You barely miss something. Something hits you but does no damage.
Something hits you but does no damage. The water moccasin zombie bites you.
* * * LOW HITPOINT WARNING * * *
The orc warrior misses you.
You clumsily bash something but do no damage.
Something hits you but does no damage. Something hits you.
* * * LOW HITPOINT WARNING * * *
The water moccasin zombie bites you!
* * * LOW HITPOINT WARNING * * *
Something misses you. The orc warrior misses you.
The water moccasin zombie bites you.
You die...

### ##.# o.# #Z#
..# #@# ..# #(#
#.# #K#
#.####K####
#.....K..<#
#.........#
#.........#
...#####.........#
#................#


You could see an orc warrior, a big kobold, a water moccasin zombie and 2
kobolds.

Vanquished Creatures
  A troll (D:9)
  2 yaks (D:9)
  2 orc warriors (D:6)
  2 phantoms
  A sky beast (D:8)
  An ice beast (D:5)
  2 ogres
  A big kobold (D:8)
  3 centaurs
  4 giant frogs
  A gnoll sergeant (D:8)
  5 scorpions
  2 vampire bats (D:5)
  10 killer bees
  4 wights (D:8)
  6 crimson imps
  A goliath beetle (D:6)
  6 hounds
  6 orc priests
  A centaur skeleton (D:4)
  A giant frog skeleton (D:8)
  4 jellies
  5 orc wizards
  9 worker ants
  An iguana (D:4)
  Ijyb (D:3)
  Terence (D:3)
  A worker ant zombie (D:5)
  18 gnolls
  12 adders
  4 shadow imps (D:5)
  A giant mite (D:1)
  4 river rats (D:9)
  3 worms
  An adder skeleton (D:7)
  2 giant geckos (D:3)
  An ooze (D:5)
  38 orcs
  21 bats
  3 giant cockroaches
  14 hobgoblins
  8 jackals
  17 kobolds
  4 quokkas
  A ball python (D:3)
  8 giant newts
  A giant spore (D:8)
  10 goblins
  16 rats
271 creatures vanquished.

Notes
Turn   | Place    | Note
--------------------------------------------------------------
     0 | D:1      | tyrion, the Halfling Hunter, began the quest for the Orb.
     0 | D:1      | Reached XP level 1. HP: 14/14 MP: 1/1
    33 | D:1      | Reached skill level 1 in Short Blades
    33 | D:1      | Reached skill level 6 in Slings
    33 | D:1      | Reached XP level 2. HP: 13/19 MP: 2/2
   642 | D:1      | Reached XP level 3. HP: 18/24 MP: 3/3
  1103 | D:2      | Found a burning altar of Makhleb.
  1965 | D:2      | Reached XP level 4. HP: 26/29 MP: 4/4
  3054 | D:3      | Found a deep blue altar of Sif Muna.
  3055 | D:3      | Noticed Ijyb
  3078 | D:3      | Killed Ijyb
  3078 | D:3      | Reached XP level 5. HP: 34/34 MP: 5/5
  3219 | D:3      | Found a radiant altar of Vehumet.
  3325 | D:3      | HP: 1/34 [bat (1)]
  3693 | D:3      | Noticed Terence
  3825 | D:3      | Killed Terence
  4361 | D:4      | Reached skill level 7 in Slings
  4491 | D:4      | Reached XP level 6. HP: 29/41 MP: 6/6
  4706 | D:4      | Noticed a phantom
  4734 | D:4      | Killed a phantom
  4905 | D:4      | Reached XP level 7. HP: 10/45 MP: 7/7
  5494 | D:4      | Found an iron altar of Okawaru.
  5551 | D:4      | Reached skill level 5 in Short Blades
  5786 | D:5      | Entered Level 5 of the Dungeon
  6009 | D:5      | Reached skill level 5 in Dodging
  6240 | D:5      | Found a staircase to the Ecumenical Temple.
  6265 | Temple   | Entered the Ecumenical Temple
  6829 | D:5      | Reached XP level 8. HP: 35/52 MP: 8/8
  7044 | D:5      | Reached skill level 11 in Short Blades
  7044 | D:5      | Reached skill level 10 in Dodging
  7044 | D:5      | Reached XP level 9. HP: 30/62 MP: 9/9
  7866 | D:5      | Reached skill level 12 in Short Blades
  8663 | D:4      | Became a worshipper of Warmaster Okawaru
 10245 | D:6      | Acquired Okawaru's first power
 10670 | D:6      | Reached XP level 10. HP: 63/69 MP: 10/10
 11110 | D:7      | Found a snail-covered altar of Cheibriados.
 11419 | D:7      | Found a sand-covered staircase.
 11419 | D:7      | Noticed a hill giant
 11576 | D:8      | Found a stormy altar of Qazlal.
 12362 | D:8      | Reached skill level 13 in Short Blades
 12611 | D:9      | Found an ancient bone altar of Kikubaaqudgha.
 14873 | D:9      | Slain by a water moccasin zombie

Action                   |  1- 3 |  4- 6 |  7- 9 | 10-12 || total
-------------------------+-------+-------+-------+-------++-------
Melee: Short sword       |   112 |   121 |   132 |       ||   365
       Rapier            |       |       |   566 |    81 ||   647
       Dagger            |       |       |       |   690 ||   690
       Long sword        |       |       |       |    16 ||    16
       Hunting sling     |       |       |       |     3 ||     3
 Fire: Hunting sling     |     9 |   128 |   127 |     4 ||   268
Invok: Heroism           |       |       |       |     1 ||     1
 Abil: Evoke Berserk Rag |       |       |     2 |     3 ||     5
Evoke: Wand              |       |       |     2 |     1 ||     3
  Use: Scroll            |     2 |     1 |    14 |     3 ||    20
       Potion            |       |     1 |     6 |     1 ||     8
 Stab: Sleeping          |     1 |     1 |     1 |     1 ||     4
  Eat: Chunk             |     3 |     9 |    13 |    12 ||    37
       Bread ration      |       |       |     1 |     1 ||     2
       Pizza             |       |       |     1 |       ||     1
